Map: Altitude LE

Players

shadow

  • Race: Terran Terran
  • Spawn Location: 1:00

winzboy - Winner!

  • Race: Protoss Protoss
  • League: Gold
  • Spawn Location: 7:00

VOD

Have the link to the VOD?

Description

Time

  • Played on: May 23, 2023, 1:53 a.m.
  • Length: 11:08
Show
View Real Time Build Order
Export as new Build Order

shadow Terran 

Build Orders:  

Get SALT Encoding   

  12  0:02  SCV  
  13  0:18  SCV  
  13  0:21  Supply Depot  
  14  0:26  Refinery  
  14  0:30  SCV  
  15  0:39  Refinery  
  16  0:42  SCV  
  16  0:59  Barracks  
  16  1:02  SCV  
  17  1:15  SCV  
  18  1:32  SCV  
  19  1:34  Supply Depot  
  19  1:44  SCV  
  20  1:49  Barracks Reactor  
  20  1:52  Engineering Bay  
  20  1:57  Factory  
  20  2:03  Supply Depot  
  20  2:06  SCV  
  21  2:18  SCV  
  22  2:28  Terran Infantry Weapons Level 1  
  22  2:30  Marine x2, SCV  
  25  2:44  Barracks  
  25  2:51  Factory Tech Lab  
  25  2:53  Marine x2  
  27  3:11  Marine x2  
  29  3:29  Marine x2  
  29  3:30  Siege Tank  
  34  3:35  Supply Depot  
  34  3:37  Barracks Tech Lab  
  34  3:46  Marine  
  35  3:55  Starport  
  35  4:10  Command Center  
  35  4:15  Siege Tank  
  38  4:27  Marauder  
  40  4:36  Marine  
  40  4:37  Marine  
  42  4:43  Terran Infantry Armor Level 1  
  42  4:48  Marauder  
  44  4:53  Starport Tech Lab  
  44  4:57  Siege Tank  
  47  5:22  Marine x2  
  47  5:27  Supply Depot  
  49  5:31  SCV  
  50  5:39  Medivac  
  52  5:43  SCV  
  53  5:58  Fusion Core, Siege Tank  
  53  6:00  Marauder  
  58  6:06  Marine  
  58  6:09  Marine, Medivac  
  62  6:22  Marauder  
  64  6:46  Supply Depot  
  64  6:48  SCV  
  65  6:55  Marauder  
  65  6:58  Siege Tank  
  70  7:07  SCV  
  71  7:10  Marine, Supply Depot  
  71  7:11  Marine  
  73  7:25  Refinery  
  73  7:26  SCV  
  73  7:28  Refinery  
  74  7:35  Orbital Command  
  74  7:38  SCV  
  74  7:39  Siege Tank  
  78  7:45  Battlecruiser  
  84  8:41  Marauder  
  84  8:43  Marine  
  84  8:44  Marine  
  88  8:49  Battlecruiser  
  94  9:32  Factory Tech Lab  
  94  9:39  Armory  
  94  9:53  Battlecruiser  
  100  10:06  Supply Depot  
  100  10:14  Starport  
  100  10:40  Supply Depot  
Show
View Real Time Build Order
Export as new Build Order

winzboy Protoss - Winner!

Build Orders: 1 Gate Expand, Archon Immortal 

Get SALT Encoding   

  12  0:01  Probe  
  14  0:21  Probe (Chrono Boost), Pylon  
  14  0:32  Probe (Chrono Boost)  
  15  0:42  Gateway  
  15  0:44  Probe  
  15  0:49  Assimilator  
  16  0:58  Probe  
  17  1:10  Probe  
  18  1:22  Probe  
  19  1:35  Probe  
  19  1:38  Nexus  
  20  1:47  Probe  
  21  1:56  Cybernetics Core  
  21  2:05  Pylon  
  21  2:06  Probe  
  22  2:18  Probe  
  22  2:21  Assimilator  
  23  2:23  Warp Gate  
  23  2:30  Probe  
  23  2:32  Stalker (Chrono Boost)  
  26  2:42  Probe  
  26  2:44  Robotics Facility  
  27  2:53  Pylon  
  27  2:58  Probe x2  
  29  3:10  Probe x2  
  31  3:19  Gateway  
  31  3:22  Gateway  
  31  3:25  Stalker (Chrono Boost)  
  31  3:33  Observer  
  34  3:41  Probe  
  34  3:42  Probe  
  34  3:47  Stalker  
  38  3:55  Probe  
  39  3:56  Probe  
  40  4:04  Pylon  
  40  4:10  Probe, Pylon  
  41  4:23  Stalker x2  
  45  4:30  Assimilator  
  45  4:32  Probe  
  45  4:33  Assimilator  
  45  4:34  Probe  
  45  4:38  Immortal  
  51  4:44  Probe  
  52  4:46  Probe  
  52  4:49  Twilight Council  
  53  4:57  Probe  
  53  4:58  Probe  
  55  5:01  Stalker  
  57  5:09  Probe  
  57  5:10  Probe  
  59  5:21  Probe  
  59  5:22  Gateway  
  59  5:23  Gateway  
  59  5:25  Gateway  
  59  5:29  Gateway  
  59  5:31  Gateway  
  59  5:37  Gateway  
  59  5:43  Gateway  
  59  5:48  Charge (Chrono Boost)  
  59  5:56  Stalker  
  59  5:57  Stalker  
  63  6:00  Probe  
  63  6:01  Probe  
  65  6:12  Immortal  
  65  6:13  Probe  
  70  6:25  Pylon  
  70  6:29  Pylon  
  70  6:32  Pylon  
  70  6:43  Probe x2  
  72  6:51  Immortal, Sentry  
  72  6:53  Zealot x2  
  72  6:54  Zealot x2  
  84  6:55  Zealot  
  88  7:16  Forge  
  88  7:23  Zealot  
  90  7:30  Nexus  
  90  7:34  Pylon  
  90  7:36  Pylon  
  90  7:37  Zealot x2  
  94  7:56  Zealot x3  
  94  7:57  Zealot x2  
  94  7:58  Zealot  
  106  8:00  Stalker  
  106  8:01  Stalker  
  110  8:08  Protoss Ground Weapons Level 1 (Chrono Boost)  
  110  8:19  Templar Archives  
  110  8:32  Pylon  
  110  8:33  Pylon  
  110  8:37  Pylon  
  110  8:40  Pylon  
  110  8:51  Probe x3  
  110  8:54  Zealot x3  
  110  8:55  Zealot  
  121  8:57  High Templar x3  
  121  8:58  High Templar x3  
  133  9:04  Warp Prism  
  135  9:22  Archon x2  
  135  9:23  Archon  
  135  9:26  High Templar x3  
  135  9:27  High Templar  
  135  9:30  Archon x2  
  143  9:32  Sentry  
  143  9:33  Sentry x2  
  149  9:40  Immortal  
  153  10:00  Pylon  
  153  10:02  Pylon  
  153  10:04  Pylon  
  153  10:21  Pylon  
  153  10:26  Zealot x2  
  153  10:27  Zealot x2  
  153  10:28  Zealot x3  
  161  10:29  Zealot x2  
  161  10:30  Zealot  
  145  10:49  High Templar x3  
  135  10:50  High Templar x2  
  135  11:02  Zealot  
  135  11:03  Zealot x3  
  139  11:04  Zealot  
Tags
 
Composition
Archon Immortal
League
Gold
Matchup
PvT
Replay Pack
Multiplayer
Spawn Locations
Cross Positions
Add a new tag
Caveats
  • Supply blocks, unpowered buildings, or Contaminate may cause inaccurate times.
  • Supply counts are checked every 10 seconds.